 Dungeon Sprint DCSS version 0.27.1-34-g3ba077fa99 (webtiles) character file.

Game seed: 198480721255437700

51702 boopmooplesden the Hoplite (level 14, -17/151 HPs)
             Began as a Minotaur Fighter on Jan 16, 2022.
             Was the Champion of Okawaru.
             Demolished by an orc knight (27 damage)
             ... in the Dungeon (Sprint VII: "The Pits").
             The game lasted 00:12:48 (2779 turns).

boopmooplesden the Hoplite (Minotaur Fighter)       Turns: 2779, Time: 00:12:49

Health: -17/151    AC: 28    Str: 23    XL:     14   Next: 24%
Magic:  16/18      EV: 16    Int:  5    God:    Okawaru [******]
Gold:   39         SH: 19    Dex: 13    Spells: 13/13 levels left

rFire    . . .     SeeInvis .   q - +7 Screaming Sword {vorpal, sonic wave}
rCold    . . .     Faith    .   c - +0 kite shield
rNeg     + . .     Spirit   .   r - +3 plate armour
rPois    .         Reflect  .   u - +2 hat {Stlth+}
rElec    .         Harm     .   (no cloak)
rCorr    .         Rampage  .   (no gloves)
Will     +....     NoTele   +   C - +1 pair of boots
Stlth    +.........             (no amulet)
HPRegen  0.35/turn              A - ring of positive energy
MPRegen  0.16/turn              a - +3 ring of evasion

@: heroic, mesmerised
A: horns 2, retaliatory headbutt, mutation resistance 1, screaming 1
a: Renounce Religion, Heroism, Finesse


You were in the Dungeon.
You worshipped Okawaru.
Okawaru was exalted by your worship.
You visited 1 branch You collected 39 gold pieces.

Inventory:

Hand Weapons
 o - the +10 hand axe of Jefoush {vorpal, rC+ Will+ Dex+4}
   (You took it off a yellow draconian in the Dungeon)

   It inflicts extra damage upon your enemies.
   Dex:       It affects your dexterity (+4).
   rC:        It protects you from cold.
   Will:      It increases your willpower.
 p - the +0 staff of Battle
   (You took it off a vampire in the Dungeon)

   It enhances your conjuration magic.
   It summons a battlesphere in combat, with strength depending on Conjurations
   skill.
 q - the +7 Screaming Sword (weapon) {vorpal, sonic wave}
   (You found it in the Dungeon)

   It inflicts extra damage upon your enemies.
   It radiates damaging sonic waves as it strikes, especially in combat
   involving dangerous or numerous foes.
 s - a +0 morningstar
Missiles
 t - 11 javelins (quivered)
Armour
 b - a +0 pair of gloves of stealth
 c - a +0 kite shield (worn)
 r - a +3 plate armour (worn)
 u - a +2 hat of stealth (worn)
 C - a +1 pair of boots (worn)
Jewellery
 a - a +3 ring of evasion (right hand)
 k - a +3 ring of intelligence
 v - an amulet of magic regeneration
 A - a ring of positive energy (left hand)
 B - a ring of ice
Scrolls
 j - 2 scrolls of blinking
 m - 5 scrolls of amnesia
 n - a scroll of summoning
 w - 6 scrolls of enchant weapon
 x - 3 scrolls of identify
 y - 3 scrolls of enchant armour
Potions
 d - 3 potions of might
 e - 11 potions of curing
 f - 3 potions of heal wounds
 g - 3 potions of haste
 h - 4 potions of magic
 i - 5 potions of berserk rage
 l - 2 potions of invisibility
 z - a potion of brilliance
 D - a potion of flight


   Skills:
 + Level 21.4(26.4) Fighting
 + Level 22.2(27) Long Blades
 + Level 17.9(22.9) Armour
 + Level 9.7(14.7) Dodging
 + Level 4.4(9.4) Stealth
 + Level 23.3(27) Shields
 + Level 7.7 Invocations


You had 13 spell levels left.
You didn't know any spells.
Your spell library contained the following spells:

 Spells                   Type           Power      Damage    Failure   Level
 Malign Gateway           Summ/Tloc      0%         N/A       100%        7
 Summon Horrible Things   Summ           0%         N/A       100%        8


Dungeon Overview and Level Annotations

Branches:
Dungeon (1/1)

Altars:
Ashenzari
Cheibriados
Dithmenos
Elyvilon
Fedhas
Gozag
Hepliaklqana
Kikubaaqudgha
Makhleb
Nemelex Xobeh
Okawaru
Qazlal
Ru
Sif Muna
Trog
Uskayaw
Vehumet
Wu Jian
Xom
Yredelemnul
Zin
The Shining One
Beogh
Jiyva
Lugonu

Annotations:
D Ilsuiw


Innate Abilities, Weirdness & Mutations

You have a pair of horns on your head.
You reflexively headbutt those who attack you in melee.
You are somewhat resistant to further mutation.
You occasionally shout uncontrollably at your foes.


Message History

The rakshasa blinks!
A merfolk siren comes into view. It is wielding a +0 trident.
You barely miss the orc warlord. Your headbutt misses the orc warlord.
The orc warlord is heavily wounded.
You block the orc warlord's attack.
Ilsuiw hits you from afar with a +4 trident of freezing!
Ilsuiw freezes you.
Unknown command.
You slash the orc warlord!
The orc warlord is severely wounded.
An ettin comes into view. It is wielding two +0 dire flails.
The orc warlord hits you with a +0 battleaxe!!!
* * * LOW HITPOINT WARNING * * *
Ilsuiw misses you.
Unknown command.
You feel more confident with your borrowed prowess.
The orc warlord no longer looks unusually strong.
Ilsuiw completely misses you.
The merfolk siren chants a haunting song.
You are mesmerised by the merfolk siren!
The orc knight no longer looks unusually strong.
The orc knight hits you with a +0 battleaxe!
* * * LOW HITPOINT WARNING * * *
The orc knight roars a battlecry!
The orcs go into a battle-frenzy!
A naga warrior comes into view.
It is wielding a +0 war axe and wearing a +2 robe of positive energy.
The naga warrior roars a battlecry!
The naga warrior goes into a battle-frenzy!
You block the orc warlord's attack. You block Ilsuiw's attack.
The merfolk siren chants its luring song.
The rakshasa weaves an illusion.
The orc knight shimmers and seems to become two!
There is a large open door to the Armoury (Hard), spattered with blood here.
Items here: ( ))))) [[[[[[ ††††.
You hit Ilsuiw but do no damage. You headbutt Ilsuiw, but do no damage.
Ilsuiw is lightly wounded.
The orc knight hits you with a +0 battleaxe!
* * * LOW HITPOINT WARNING * * *
The orc knight hits you with a +0 battleaxe!!
You die...

.# .# .+ .+ +#
+###############################+
.................[))..)..........
...†.)..........)o)..............
.##############o@##############..
.# #.)))moo.# #.) .# #.#))mN#.#
#†. .# .....))). .. #.. .#
#.#)#..C.#. .# #.. .#
#.......)N.. # #.. .# #R#.#....#
#. #.. .# .......... .. #.. .#
#..


You could see Ilsuiw, an orc warlord (strong), 2 naga warriors, 3 orc knights,
an ettin, a rakshasa and a merfolk siren (mesmerising).

Vanquished Creatures
  A profane servitor (D)
  A death cob (D)
  A storm dragon (D)
  A ghost moth (D)
  An emperor scorpion (D)
  An orc warlord (D)
  A stone giant (D)
  2 minotaurs (D)
  A yellow draconian (D)
  A yaktaur captain (D)
  A great orb of eyes (D)
  A vault guard (D)
  2 boulder beetles (D)
  A merfolk avatar (D)
  An ogre mage (D)
  2 naga warriors (D)
  A rakshasa (D)
  An anaconda (D)
  7 two-headed ogres (D)
  A vampire mage (D)
  6 death yaks (D)
  3 deep elf knights (D)
  2 sixfirhies (D)
  3 shadow wraiths (D)
  A sea snake (D)
  A swamp dragon (D)
  A wizard (D)
  8 orc knights (D)
  A wolf spider (D)
  Joseph (D)
  A black mamba (D)
  A rust devil (D)
  4 merfolk sirens (D)
  2 guardian serpents (D)
  A gargoyle (D)
  A smoke demon (D)
  A molten gargoyle (D)
  A cane toad (D)
  A tormentor (D)
  A kobold demonologist (D)
  A freezing wraith (D)
  4 yaktaurs (D)
  2 rime drakes (D)
  A hellwing (D)
  A guardian mummy (D)
  A demonic crawler (D)
  3 polar bears (D)
  A jumping spider (shapeshifter) (D)
  2 jumping spiders (D)
  A wind drake (D)
  A tyrant leech (D)
  A flying skull (D)
  2 air elementals (D)
  A spriggan (D)
  A vampire (D)
  A water elemental (D)
  2 tarantellas (D)
  4 redbacks (D)
  A steam dragon (D)
  7 vampire mosquitoes (D)
  2 floating eyes (D)
  Duvessa (D)
  An acid dragon (D)
  2 swamp drakes (D)
  A necrophage (D)
  A black bear (D)
  2 wolves (D)
  2 centaurs (D)
  A kobold brigand (D)
  Dowan (D)
  6 killer bees (D)
  An orc priest (D)
  An iguana (D)
  An orc wizard (D)
  A hell rat (D)
  A small abomination (D)
  An adder (D)
  2 white imps (D)
  An ufetubus (D)
  4 orcs (D)
  A ball python (D)
  2 giant cockroaches (D)
  A goblin (D)
  A hobgoblin (D)
  6 jackals (D)
  A quokka (D)
  A ball python skeleton (D)
  2 ball python zombies (D)
  2 frilled lizards (D)
  2 kobolds (D)
160 creatures vanquished.

Notes
Turn   | Place    | Note
-------+----------+-------------------------------------------
     0 | D        | boopmooplesden the Minotaur Fighter began the quest for the
                  | Orb.
     0 | D        | Reached XP level 1. HP: 19/19 MP: 0/0
    18 | D        | Reached skill level 4 in Shields
    45 | D        | Found a bloodstained altar of Trog.
    45 | D        | Found a shimmering blue altar of Sif Muna.
    45 | D        | Found a viscous altar of Jiyva.
    45 | D        | Found a hazy altar of Hepliaklqana.
    45 | D        | Found an opulent altar of Gozag.
    46 | D        | Found a glowing golden altar of the Shining One.
    46 | D        | Found a glowing silver altar of Zin.
    46 | D        | Found a basalt altar of Yredelemnul.
    46 | D        | Found a shimmering altar of Xom.
    46 | D        | Found an ornate altar of the Wu Jian Council.
    46 | D        | Found a sacrificial altar of Ru.
    46 | D        | Found a stormy altar of Qazlal.
    46 | D        | Found an iron altar of Okawaru.
    46 | D        | Found a sparkling altar of Nemelex Xobeh.
    46 | D        | Found a burning altar of Makhleb.
    46 | D        | Found a blossoming altar of Fedhas.
    46 | D        | Found a white marble altar of Elyvilon.
    46 | D        | Found a shadowy altar of Dithmenos.
    46 | D        | Found a snail-covered altar of Cheibriados.
    47 | D        | Found a radiant altar of Vehumet.
    47 | D        | Found a corrupted altar of Lugonu.
    48 | D        | Found a hide-covered altar of Uskayaw.
    48 | D        | Found an ancient bone altar of Kikubaaqudgha.
    48 | D        | Found a broken altar of Ashenzari.
    64 | D        | Noticed a floating eye
    68 | D        | Paralysed by a floating eye for 2 turns
    75 | D        | Killed a floating eye
    76 | D        | Reached skill level 1 in Dodging
    76 | D        | Reached skill level 6 in Shields
    76 | D        | Reached XP level 2. HP: 14/31 MP: 1/1
    76 | D        | Reached XP level 3. HP: 17/38 MP: 2/2
    76 | D        | Reached XP level 4. HP: 20/45 MP: 3/3
   332 | D        | Noticed a black bear
   332 | D        | Noticed Dowan
   332 | D        | Noticed a floating eye
   333 | D        | Paralysed by a floating eye for 4 turns
   340 | D        | Paralysed by a floating eye for 4 turns
   346 | D        | Killed a black bear
   347 | D        | Reached skill level 5 in Long Blades
   347 | D        | Reached skill level 8 in Shields
   347 | D        | Reached XP level 5. HP: 44/53 MP: 4/4
   348 | D        | Killed a floating eye
   348 | D        | Noticed a centaur
   349 | D        | Reached XP level 6. HP: 53/62 MP: 5/5
   349 | D        | Noticed Duvessa
   361 | D        | Killed Duvessa
   362 | D        | Reached skill level 9 in Shields
   366 | D        | Killed Dowan
   367 | D        | Reached skill level 10 in Shields
   372 | D        | Reached skill level 5 in Dodging
   372 | D        | Reached skill level 1 in Stealth
   372 | D        | Reached XP level 7. HP: 10/70 MP: 6/6
   672 | D        | Noticed a jumping spider
   674 | D        | Killed a jumping spider
   675 | D        | Reached skill level 10 in Armour
   675 | D        | Reached skill level 11 in Shields
   757 | D        | Became a worshipper of Warmaster Okawaru
   811 | D        | Reached skill level 12 in Shields
   811 | D        | Reached XP level 8. HP: 79/79 MP: 7/7
   819 | D        | Noticed an air elemental
   819 | D        | Paralysed by an air elemental for 1 turns
   823 | D        | Paralysed by an air elemental for 1 turns
   826 | D        | Killed an air elemental
   826 | D        | Reached * piety under Okawaru
   835 | D        | Found the +7 Singing Sword {vorpal, sonic wave}
   884 | D        | Gained mutation: You occasionally shout uncontrollably at
                  | your foes. [potion of mutation]
   884 | D        | Gained mutation: You are somewhat resistant to further
                  | mutation. [potion of mutation]
  1076 | D        | Noticed a flying skull
  1080 | D        | Killed a flying skull
  1081 | D        | Reached skill level 10 in Fighting
  1081 | D        | Reached skill level 10 in Long Blades
  1082 | D        | Reached skill level 13 in Shields
  1092 | D        | Noticed a boulder beetle
  1093 | D        | Noticed a minotaur
  1100 | D        | Killed a boulder beetle
  1100 | D        | Reached ** piety under Okawaru
  1100 | D        | Reached *** piety under Okawaru
  1101 | D        | Reached XP level 9. HP: 23/86 MP: 8/8
  1102 | D        | Killed a minotaur
  1102 | D        | Reached **** piety under Okawaru
  1102 | D        | Received a gift from Okawaru
  1103 | D        | Reached skill level 14 in Shields
  1103 | D        | Reached skill level 1 in Invocations
  1106 | D        | Noticed a tyrant leech
  1112 | D        | Killed a tyrant leech
  1113 | D        | Noticed a boulder beetle
  1113 | D        | Noticed a guardian mummy
  1114 | D        | Killed a guardian mummy
  1117 | D        | Killed a shadow wraith
  1118 | D        | Reached skill level 15 in Shields
  1118 | D        | Reached XP level 10. HP: 14/97 MP: 6/10
  1123 | D        | Killed a boulder beetle
  1123 | D        | Reached ***** piety under Okawaru
  1123 | D        | Noticed a cane toad
  1132 | D        | Killed a cane toad
  1134 | D        | Noticed a merfolk siren
  1139 | D        | Reached skill level 15 in Long Blades
  1150 | D        | Killed a merfolk siren
  1156 | D        | Noticed a swamp dragon
  1160 | D        | Killed a swamp dragon
  1161 | D        | Reached skill level 16 in Shields
  1175 | D        | Noticed a molten gargoyle
  1181 | D        | Killed a molten gargoyle
  1193 | D        | Received a gift from Okawaru
  1194 | D        | Reached XP level 11. HP: 25/107 MP: 9/11
  1519 | D        | Noticed a death yak
  1519 | D        | Noticed a death yak
  1519 | D        | Noticed a death yak
  1519 | D        | Noticed a death yak
  1520 | D        | Noticed a death yak
  1520 | D        | Noticed a death yak
  1530 | D        | Killed a death yak
  1530 | D        | Killed a death yak
  1532 | D        | Killed a death yak
  1534 | D        | Killed a death yak
  1536 | D        | Killed a death yak
  1538 | D        | Killed a death yak
  1539 | D        | Reached skill level 15 in Fighting
  1539 | D        | Reached skill level 15 in Armour
  1539 | D        | Reached skill level 17 in Shields
  1539 | D        | Noticed a rakshasa
  1544 | D        | Killed a rakshasa
  1546 | D        | Killed a shadow wraith
  1546 | D        | Reached ****** piety under Okawaru
  1546 | D        | Received a gift from Okawaru
  1549 | D        | Noticed a merfolk avatar
  1558 | D        | Killed a merfolk avatar
  1914 | D        | Noticed a sea snake
  1931 | D        | Killed a sea snake
  1932 | D        | Reached XP level 12. HP: 92/122 MP: 0/14
  1934 | D        | Killed a ghost moth
  1938 | D        | Identified the +10 hand axe of Jefoush {vorpal, rC+ Will+
                  | Dex+4}
  1938 | D        | Noticed a yellow draconian
  1940 | D        | Noticed an anaconda
  1946 | D        | Killed a yellow draconian
  1947 | D        | Reached skill level 18 in Shields
  1947 | D        | Killed an anaconda
  1951 | D        | Received a gift from Okawaru
  1965 | D        | Noticed a minotaur
  1972 | D        | Killed a minotaur
  1976 | D        | HP: 2/125 [guardian serpent (18)]
  2061 | D        | Reached skill level 5 in Invocations
  2192 | D        | Noticed Joseph
  2198 | D        | Killed Joseph
  2527 | D        | Noticed an emperor scorpion
  2527 | D        | Noticed a profane servitor
  2527 | D        | Noticed a storm dragon
  2527 | D        | Noticed a vampire mage
  2527 | D        | Noticed a death cob
  2533 | D        | Killed a death cob
  2534 | D        | Reached skill level 19 in Shields
  2537 | D        | Killed a vampire mage
  2543 | D        | Killed a profane servitor
  2544 | D        | Reached XP level 13. HP: 114/135 MP: 14/16
  2546 | D        | Killed a storm dragon
  2547 | D        | Reached skill level 20 in Shields
  2551 | D        | Killed an emperor scorpion
  2698 | D        | Received a gift from Okawaru
  2701 | D        | Reached skill level 21 in Shields
  2754 | D        | Noticed a stone giant
  2754 | D        | Noticed an orc warlord
  2763 | D        | Reached skill level 22 in Shields
  2763 | D        | Noticed an orc warlord
  2765 | D        | Identified the +2 hat "Qios" {Regen+ Int+6} (Okawaru gifted
                  | it to you in the Dungeon)
  2765 | D        | Received a gift from Okawaru
  2765 | D        | Killed a stone giant
  2766 | D        | Reached XP level 14. HP: 56/149 MP: 16/18
  2766 | D        | Killed an orc warlord
  2767 | D        | Reached skill level 23 in Shields
  2772 | D        | Noticed Ilsuiw
  2779 | D        | Demolished by an orc knight

Illustrated notes

Levels and vault maps discovered:
D:        pitsprint [storerooms_1, entrance_room_1, metal_vault_6, armoury_3,
          mini_pit_1, grid_room_1, main_hall_1, silver_pit, the_coven_1,
          the_vestibule_1, steel_vault_3, golden_pit, hallway_of_sentries,
          crystal_vault_2, iron_vault_4, final_vault]

Skill      XL: |  1  2  3  4  5  6  7  8  9 10 11 12 13 14 |
---------------+-------------------------------------------+-----
Fighting       | 6 8 9 10 11 13 15 18 20 21 | 21.4
Armour         | 7 8 9 10 11 12 14 15 16 17 | 17.9
Shields        | 6 8 10 12 13 15 16 17 19 22 23 | 23.3
Long Blades    | 4 5 6 7 9 11 14 16 18 20 21 22 | 22.2
Dodging        | 1 3 4 5 6 7 8 9 |  9.7
Stealth        | 1 2 4 |  4.4
Invocations    | 1 2 4 5 7 |  7.7

Action                   |  1- 3 |  4- 6 |  7- 9 | 10-12 | 13-15 || total
-------------------------+-------+-------+-------+-------+-------++-------
Melee: Long sword        |     9 |    26 |    29 |       |       ||    64
       Falchion          |     8 |    16 |       |       |       ||    24
       Headbutt          |     2 |     4 |    12 |    26 |     6 ||    50
       Double sword      |       |       |    20 |   145 |    51 ||   216
Invok: Heroism           |       |       |     2 |     8 |     5 ||    15
  Use: Potion            |       |       |     1 |     9 |     2 ||    12
 Stab: Distracted        |       |       |       |     1 |       ||     1
Armor: Scale mail        |    10 |     9 |       |       |       ||    19
       Chain mail        |       |    20 |     7 |       |       ||    27
       Plate armour      |       |       |     6 |    63 |    13 ||    82
Dodge: Dodged            |     6 |    23 |    10 |    54 |    24 ||   117
Block: Kite shield       |    12 |    54 |    24 |   112 |    41 ||   243
       Rpst.: Falchion   |       |     2 |       |       |       ||     2
       Long sword        |       |     3 |     2 |       |       ||     5
       Double sword      |       |       |     1 |     9 |     6 ||    16
